 Dungeon Crawl Stone Soup version 0.26.0-10-g1f06aea511 (webtiles) character file.

Game seed: 13301452997049882512

38 MajorAdolf the Skirmisher (level 3, 0/33 HPs)
             Began as a Naga Wanderer on Jan 17, 2021.
             Slain by an adder (4 damage)
             ... on level 2 of the Dungeon.
             The game lasted 00:02:29 (2202 turns).

MajorAdolf the Skirmisher (Naga Wanderer)           Turns: 2202, Time: 00:02:29

Health: 0/33       AC:  2    Str: 12    XL:     3   Next: 43%
Magic:  6/6        EV: 10    Int: 13    God:
Gold:   32         SH:  0    Dex: 12    Spells: 5/6 levels left

rFire    . . .     SeeInvis +   a - +0 falchion
rCold    . . .     Faith    .   (no shield)
rNeg     . . .     Spirit   .   d - +0 robe
rPois    +         Reflect  .   (no helmet)
rElec    .         Harm     .   (no cloak)
rCorr    .         Rampage  .   (no gloves)
Will     .....                  (no barding)
Stlth    ++........             (no amulet)
HPRegen  0.11/turn              (no ring)
MPRegen  0.10/turn              (no ring)

@: very slow
A: large, see invisible, deformed body, poison resistance, slowness 2, spit
poison 1, AC +1
a: Spit Poison


You were on level 2 of the Dungeon.
You visited 1 branch of the dungeon, and saw 2 of its levels.

You collected 32 gold pieces.

Inventory:

Hand Weapons
 a - a +0 falchion (weapon)
 g - a +1 dagger of speed
Missiles
 h - 23 poisoned darts
Armour
 d - a +0 robe (worn)
Scrolls
 b - a scroll of identify {unknown}
 e - a scroll of remove curse {unknown}
 i - a scroll of enchant weapon {unknown}
Potions
 f - a potion of degeneration {unknown}
 j - a potion of lignification {unknown}


   Skills:
 + Level 2.6 Fighting
 - Level 1.0 Long Blades
 + Level 1.2 Armour
 + Level 2.2 Dodging
 - Level 1.5 Stealth
 - Level 2.0 Spellcasting
 - Level 1.0 Summonings
 - Level 1.0 Evocations


You had 5 spell levels left.
You knew the following spells:

 Your Spells              Type           Power        Failure   Level
a - Summon Small Mammal   Summ           12%          17%         1

Your spell library contained the following spells:

 Spells                   Type           Power        Failure   Level
 Call Imp                 Summ           3%           26%         2
 Call Canine Familiar     Summ           3%           45%         3
 Summon Guardian Golem    Hex/Summ       2%           52%         3
 Summon Ice Beast         Ice/Summ       2%           90%         4
 Summon Lightning Spire   Summ/Air       2%           90%         4


Dungeon Overview and Level Annotations

Branches:
Dungeon (2/15)

Altars:


Innate Abilities, Weirdness & Mutations

You cannot wear boots.
Your serpentine skin is tough. (AC +1)
You have supernaturally acute eyesight. (SInv)
Armour fits poorly on your strangely shaped body.
Your system is resistant to poisons. (rPois)
You cover ground very slowly.
You can spit poison.


Message History

The adder is severely wounded.
You have got your breath back.
The adder looks more healthy.
The adder barely misses you.
Press: ? - help, Shift-Dir - straight line, f/p - adder
Aim: an adder (almost dead)
The splash of poison misses the adder.
You feel sick.
You are no longer poisoned.
The adder barely misses you.
Unknown command.
The adder bites you.
* * * LOW HITPOINT WARNING * * *
Unknown command.
You feel better. The adder bites you.
* * * LOW HITPOINT WARNING * * *
Unknown command.
The adder bites you.
* * * LOW HITPOINT WARNING * * *
You have got your breath back.
The adder bites you.
You die...

##########....
#.......?....>
#.######)##... #.#
#.# .#
#.######.##..#
#............#
#####..#####.##..#
#.S........#.##..#
#@###..###........
#.# #..# #.####..#
#.# #..# #.# #..#
#.# #..# #.# #...
#<# #..###.####..#
#.# #.........†..#
#.# ##............
#.################
#.................


You could see an adder.

Vanquished Creatures
  2 oozes
  A worm (D:2)
  2 dart slugs
  3 bats
  5 goblins
  2 hobgoblins
  3 kobolds
  A frilled lizard (D:2)
  2 rats
21 creatures vanquished.

Vanquished Creatures (others)
  11 toadstools (D:2)
11 creatures vanquished.

Grand Total: 32 creatures vanquished

Notes
Turn   | Place    | Note
-------+----------+-------------------------------------------
     0 | D:1      | MajorAdolf the Naga Wanderer began the quest for the Orb.
     0 | D:1      | MajorAdolf set off with the following items: a +0 falchion,
                  | a potion of curing, a +0 robe; and the following spell
                  | memorised: Summon Small Mammal; and the following spells
                  | available to memorise: Call Imp, Call Canine Familiar,
                  | Summon Guardian Golem, Summon Ice Beast, Summon Lightning
                  | Spire
     0 | D:1      | Reached XP level 1. HP: 19/19 MP: 3/3
   348 | D:1      | Reached XP level 2. HP: 22/26 MP: 5/5
  1555 | D:2      | Reached skill level 1 in Armour
  1589 | D:2      | Reached XP level 3. HP: 17/33 MP: 6/6
  2202 | D:2      | Slain by an adder

Illustrated notes

Levels and vault maps discovered:
D:1:      wheals_arrival_linesprint, layout_basic
D:2:      layout_loops_ring, general_overflow_altar, tgw_fedhas

Skill      XL: |  1  2 |
---------------+-------+-----
Dodging        | 2 |  2.2
Armour         | 1 |  1.2
Fighting       | |  2.6
Long Blades    | |  1.0
Stealth        | |  1.5
Spellcasting   | |  2.0
Summonings     | |  1.0
Evocations     | |  1.0

Action                   || total
-------------------------++-------
Melee: Falchion          ||    69
 Abil: Spit Poison       ||    10
  Use: Potion            ||     1
Armor: Robe              ||    17
Dodge: Dodged            ||    57
       Rpst.: Falchion   ||    17
